 Dungeon Crawl Stone Soup version 0.23.2-1-ga50397a (console) character file.

Game seed: 5248090342987749859

378 endege the Shield-Bearer (level 7, -1/55 HPs)
             Began as a Human Fighter on May 29, 2019.
             Was an Initiate of Gozag.
             Slain by Sassenached's ghost (8 damage)
             ... on level 3 of the Dungeon on May 31, 2019.
             The game lasted 00:39:23 (2801 turns).

endege the Shield-Bearer (Human Fighter)            Turns: 2801, Time: 00:39:23

Health: -1/55      AC: 12    Str: 24    XL:     7   Next: 4%
Magic:  7/7        EV:  7    Int:  8    God:    Gozag
Gold:   291        SH: 10    Dex: 12    Spells: 6/6 levels left

rFire    . . .     SeeInvis +   g - +3 whip (drain)
rCold    . . .     Gourm    .   c - +0 shield
rNeg     . . .     Faith    .   b - +1 scale mail
rPois    .         Spirit   .   v - +2 helmet {SInv}
rElec    .         Reflect  .   (no cloak)
rCorr    .         Harm     .   (no gloves)
MR       .....                  B - +0 pair of boots (curse)
Stlth    +.........             A - amulet of regeneration
HPRegen  0.58/turn              n - +2 ring of slaying
MPRegen  0.10/turn              q - ring of stealth

@: mighty, gold aura, hasted, very quick
A: hooves 1, wild magic 1
a: Potion Petition, Call Merchant, Bribe Branch, Renounce Religion


You were on level 3 of the Dungeon.
You worshipped Gozag.
Gozag was aware of your devotion.
You were not hungry.

You visited 1 branch of the dungeon, and saw 3 of its levels.

You collected 318 gold pieces.
You paid 27 gold pieces to Gozag.

Inventory:

Hand Weapons
 a - a +0 flail
 g - a +3 whip of draining (weapon)
 i - a +0 dagger
 l - a +0 spear
 s - a +0 short sword
 y - a +1 whip of flaming
 z - a +0 mace of holy wrath
Missiles
 x - 21 bolts
Armour
 b - a +1 scale mail (worn)
 c - a +0 shield (worn)
 v - a +2 helmet of see invisible (worn)
 B - a cursed +0 pair of boots (worn)
 C - a +0 leather armour
Jewellery
 n - a +2 ring of slaying (left hand)
 q - a ring of stealth (right hand)
 A - an amulet of regeneration (around neck)
Scrolls
 j - a scroll of blinking {unknown}
 k - a scroll of identify
 p - 2 scrolls of teleportation
 u - a scroll of fear
Potions
 h - a potion of ambrosia {unknown}
 m - a potion of flight
 o - 3 potions of curing
Comestibles
 f - 4 rations


   Skills:
 + Level 4.8 Fighting
 - Level 2.0 Maces & Flails
 + Level 4.8 Armour
 + Level 4.8 Shields


You had 6 spell levels left.
You didn't know any spells.
Your spell library was empty.

Dungeon Overview and Level Annotations

Branches:
Dungeon (3/15)

Altars:
Dithmenos
Gozag
Uskayaw
Zin

Annotations:
D:3 1 transporter, Sassenached's ghost, amateur DsCK


Innate Abilities, Weirdness & Mutations

You have large cloven feet.
Your spells are a little harder to cast, but a little more powerful.


Message History

The ogre is moderately wounded.
The ogre yells at you, "GO AWAY!" You block Sassenached's ghost's attack.
The ogre prays for help.
Sassenached's ghost hits you.
* * * LOW HITPOINT WARNING * * *
You hit the ogre.
Your attack snaps the ogre out of its fear.
The ogre is heavily wounded.
You block the ogre's attack.
You whack the ogre!
You kill the ogre!
You have reached level 7!
Sassenached's ghost says, "My insurmountable tactics guarantee your defeat."
Sassenached's ghost closely misses you.
Things that are here:
16 gold pieces; a +0 giant club You closely miss Sassenached's ghost.
Sassenached's ghost hits you!
You die...
Your body crumbles into a pile of gold.

.# #...........######.# .#
#..<........#....#.# .#
#####...........#.##...#
.###...###.#########.######
.+.'...'.................>#
.###...#.#.################
########.#.# ...# #.#.#
##.## #.#+##############
#..# #....#..W@.©.....#
##.## #....#..##...##..#
#...###..<.#.#!.#.#..#.#
#.#.#...####.#.O#.#..#.#
#........###..##...##..#
#..####...##©....)?O...##
#..#..#...###############
##.#..#._.#.....©.©.....#
###.#.(#...######...######
.##.####...# ##.##


You could see an ogre (fleeing) and Sassenached's ghost.

Vanquished Creatures
  An ogre (D:3)
  Natasha (thrice) (D:2)
  7 gnolls (D:2)
  9 adders
  A worm (D:2)
  2 dart slugs
  A leopard gecko (D:2)
  6 bats
  7 giant cockroaches
  3 goblins
  8 hobgoblins
  8 jackals (D:3)
  7 kobolds
  2 quokkas (D:3)
  A frilled lizard (D:2)
  10 rats
76 creatures vanquished.

Notes
Turn   | Place    | Note
-------+----------+-------------------------------------------
     0 | D:1      | endege the Human Fighter began the quest for the Orb.
     0 | D:1      | Reached XP level 1. HP: 18/18 MP: 1/1
   167 | D:1      | Reached XP level 2. HP: 22/24 MP: 2/2
   455 | D:1      | Reached XP level 3. HP: 27/29 MP: 3/3
   729 | D:2      | Found a shadowy altar of Dithmenos.
   744 | D:2      | Reached XP level 4. HP: 24/36 MP: 4/4
   855 | D:2      | Noticed Natasha
   878 | D:2      | Killed Natasha
  1176 | D:2      | Reached XP level 5. HP: 42/42 MP: 5/5
  1195 | D:2      | Noticed Natasha
  1204 | D:2      | Killed Natasha
  1407 | D:2      | Found a glowing silver altar of Zin.
  1479 | D:2      | Noticed Natasha
  1501 | D:2      | Killed Natasha
  1504 | D:2      | Reached XP level 6. HP: 28/49 MP: 6/6
  1537 | D:2      | Found an opulent altar of Gozag.
  1549 | D:2      | Became a worshipper of Gozag Ym Sagoz the Greedy
  2189 | D:3      | Noticed a +0 hand axe
  2191 | D:3      | Noticed a +0 dagger
  2200 | D:3      | Found a hide-covered altar of Uskayaw.
  2605 | D:3      | Gained mutation: You are frail. (-10% HP) [potion of
                  | mutation]
  2605 | D:3      | Lost mutation: You are frail. (-10% HP) [potion of
                  | mutation]
  2605 | D:3      | Gained mutation: You have large cloven feet. [potion of
                  | mutation]
  2605 | D:3      | Gained mutation: Your spells are a little harder to cast,
                  | but a little more powerful. [potion of mutation]
  2766 | D:3      | Found a transporter.
  2768 | D:3      | Noticed Sassenached's ghost (amateur DsCK)
  2769 | D:3      | Noticed an ogre
  2770 | D:3      | Noticed an ogre
  2776 | D:3      | Found a transporter.
  2779 | D:3      | Identified the cursed +3 dire flail of Unpleasantness
                  | {vamp, rPois rN+}
  2779 | D:3      | Noticed an ogre
  2799 | D:3      | Killed an ogre
  2799 | D:3      | Reached XP level 7. HP: 6/55 MP: 7/7
  2801 | D:3      | Slain by Sassenached's ghost

Skill      XL: |  1  2  3  4  5 |
---------------+----------------+-----
Fighting       | 4 |  4.8
Armour         | 4 |  4.8
Shields        | 4 |  4.8
Maces & Flails | |  2.0

Action                   |  1- 3 |  4- 6 |  7- 9 || total
-------------------------+-------+-------+-------++-------
Melee: Flail             |    56 |       |       ||    56
       Whip              |     6 |   172 |     1 ||   179
Invok: Potion Petition   |       |     1 |       ||     1
  Use: Scroll            |       |     9 |       ||     9
       Potion            |       |     5 |       ||     5
 Stab: Distracted        |       |     1 |       ||     1
  Eat: Chunk             |       |     2 |       ||     2
       Ration            |       |     2 |       ||     2
Armor: Scale mail        |    16 |    49 |       ||    65
Dodge: Dodged            |    12 |    67 |     1 ||    80
Block: Shield            |    32 |    81 |       ||   113
